 Dungeon Crawl Stone Soup version 0.31-a0-836-g3ceb0a68c4 (webtiles) character file.

Game seed: 7637460219283770847

1094 Shayle the Trooper (level 8, -12/56 (61) HPs)
             Began as a Demonspawn Reaver on Sept 26, 2023.
             Mangled by a wight
             ... wielding a +3 dire flail
              (14 damage)
             ... on level 6 of the Dungeon.
             The game lasted 00:12:11 (4798 turns).

Shayle the Trooper (Demonspawn Reaver)              Turns: 4798, Time: 00:12:12

HP:   -12/56 (61)   AC:  8    Str: 12    XL:     8   Next: 9%
MP:   11/11         EV: 12    Int: 22    God:
Gold: 41            SH:  5    Dex: 13    Spells: 6/11 levels left

rFire   . . .        q - +7 short sword of the World {elec, Int+3}
rCold   + . .        (no shield)
rNeg    + . .        l - +2 robe {rN+}
rPois   .            (no helmet)
rElec   .            (no cloak)
rCorr   +            i - +0 pair of gloves {hurl}
SInv    .            (no boots)
Will    +....        o - amulet of reflection
Stlth   +            f - ring of resist corrosion
HPRegen 0.29/turn    p - ring of Weogg {rC+ Will+ Int+3 Slay+3}
MPRegen 0.12/turn

%: reflection
@: drained
A: thin metallic scales 2
a: no special abilities


You were on level 6 of the Dungeon.
You visited 2 branches of the dungeon, and saw 7 of its levels.

You collected 169 gold pieces.
You spent 128 gold pieces at shops.

Inventory:

Hand Weapons
 a - a +0 spear
 m - a +1 dagger of draining
 q - the +7 short sword of the World (weapon) {elec, Int+3}
   (You bought it in a shop on level 4 of the Dungeon)

   Int+3:     It affects your intelligence (+3).
Armour
 b - a +0 leather armour
 i - a +0 pair of gloves of hurling (worn)
 l - a +2 robe of positive energy (worn)
 u - a +0 kite shield
Jewellery
 c - a ring of flight
 f - a ring of resist corrosion (left hand)
 o - an amulet of reflection (around neck)
 p - the ring of Weogg (right hand) {rC+ Will+ Int+3 Slay+3}
   (You took it off a goblin on level 4 of the Dungeon)

   [ring of willpower]

   Int+3:     It affects your intelligence (+3).
   Slay+3:    It affects your accuracy & damage with ranged weapons and melee
   (+3).
   rC+:       It protects you from cold.
   Will+:     It increases your willpower.
Wands
 r - a wand of flame (14)
 t - a wand of polymorph (3)
Scrolls
 d - 2 scrolls of vulnerability
 e - a scroll of brand weapon
 g - a scroll of identify
 h - 3 scrolls of poison
 j - a scroll of fog


   Skills:
 + Level 4.6 Fighting
 - Level 2.6 Polearms
 + Level 3.4 Armour
 - Level 1.7 Dodging
 - Level 2.0 Spellcasting
 + Level 4.3 Conjurations
 + Level 4.0 Necromancy
 + Level 2.5 Fire Magic
 + Level 2.6 Air Magic
 + Level 2.8 Poison Magic


You had 6 spell levels left.
You knew the following spells:

 Your Spells              Type           Power      Damage    Failure   Level
a - Kiss of Death         Conj/Necr      80%        2d11      2%          1
b - Foxfire               Conj/Fire      68%        2x1d7     3%          1
c - Mephitic Cloud        Conj/Pois/Air  16%        N/A       11%         3

Your spell library contained the following spells:

 Spells                   Type           Power      Damage    Failure   Level
 Magic Dart               Conj           84%        1d7       2%          1
 Shock                    Conj/Air       68%        1d7       3%          1
 Momentum Strike          Conj/Tloc      22%        3d8       9%          2
 Swiftness                Air            13%        N/A       14%         3
 Hailstorm                Conj/Ice       11%        3d5       17%         3
 Call Imp                 Summ           4%         N/A       21%         2
 Airstrike                Air            6%         2d(1-17)  43%         4
 Summon Lightning Spire   Summ/Air       8%         N/A       63%         4
 Fireball                 Conj/Fire      8%         3d6       67%         5


Dungeon Overview and Level Annotations

Branches:
Dungeon (6/15)             Temple (1/1) D:5

Altars:
Ashenzari
Cheibriados
Fedhas
Gozag
Hepliaklqana
Kikubaaqudgha
Makhleb
Nemelex Xobeh
Okawaru
Qazlal
Sif Muna
Trog
Uskayaw
Vehumet
Yredelemnul

Shops:
D:4 (

Annotations:
D:4 1 runed translucent door, Kurtz's ghost, novice OpFi
D:5 2 runed translucent doors


Innate Abilities, Weirdness & Mutations

You are mostly covered in thin metallic scales. (AC +3)


Message History

The wight hits you with a +0 short sword.
The wight barely misses you.
Aiming: Throw Flame
Press: ? - help, Shift-Dir - straight line, f/p - wight
Aim: a wight, wielding a +3 dire flail and wearing a +0 robe (lightly damaged, 68% to hit)
The puff of flame hits the wight.
The wight is moderately damaged.
The wight barely misses you.
The wight hits you with a +0 short sword.
* * * LOW HITPOINT WARNING * * *
The wight misses you.
Aiming: Throw Flame
Press: ? - help, Shift-Dir - straight line, f/p - wight
Aim: a wight, wielding a +3 dire flail and wearing a +0 robe (moderately damaged, 68% to hit)
The puff of flame hits the wight.
The wight is heavily damaged.
You block the wight's attack. x2; The wight barely misses you.
Aiming: Throw Flame
Press: ? - help, Shift-Dir - straight line, f/p - wight
Aim: a wight, wielding a +3 dire flail and wearing a +0 robe (heavily damaged, 68% to hit)
The puff of flame hits the wight.
The wight is severely damaged.
The wight hits you with a +0 falchion.
* * * LOW HITPOINT WARNING * * *
You partially resist.
You feel drained. You block the wight's attack.
The wight hits you with a +3 dire flail.
* * * LOW HITPOINT WARNING * * *
You partially resist.
You feel drained.
Aiming: Throw Flame
Press: ? - help, Shift-Dir - straight line, f/p - wight
Aim: a wight, wielding a +3 dire flail and wearing a +0 robe (severely damaged, 68% to hit)
The puff of flame hits the wight.
The wight is almost destroyed.
The wight misses you.
The wight hits you with a +0 short sword.
* * * LOW HITPOINT WARNING * * *
You partially resist.
You feel drained.
* * * LOW HITPOINT WARNING * * *
The wight hits you with a +3 dire flail!
You die...

##########
#z@z......
#z##.....#
#z# ###.#
..........z#
##J.####.#z#
# .# .> .#
.# .# # .#


You could see 4 wights.

Vanquished Creatures
  Menkaure (D:5)
  A warg (D:5)
  An ice beast (D:5)
  An ogre (D:5)
  A centaur (D:5)
  A phantom (D:4)
  A gnoll sergeant (D:5)
  A wight (D:6)
  Dowan (D:5)
  2 jellies (D:5)
  A hound (D:4)
  A sleepcap (D:6)
  An iguana (D:4)
  8 adders
  6 gnolls (D:5)
  3 ufetubi
  A worm (D:3)
  2 dart slugs
  8 orcs
  10 ball pythons
  6 bats
  7 endoplasms
  A giant cockroach (D:2)
  6 goblins
  4 hobgoblins
  3 kobolds
  3 quokkas
  5 frilled lizards
  7 rats
94 creatures vanquished.

Vanquished Creatures (others)
  A foxfire (D:6)
1 creature vanquished.

Grand Total: 95 creatures vanquished

Notes
Turn   | Place    | Note
-------+----------+-------------------------------------------
     0 | D:1      | Shayle the Demonspawn Reaver began the quest for the Orb.
     0 | D:1      | Reached XP level 1. HP: 16/16 MP: 3/3
   186 | D:1      | Gained mutation: You are partially covered in thin metallic
                  | scales. (AC +2) [demonic ancestry]
   186 | D:1      | Reached XP level 2. HP: 22/22 MP: 5/5
   194 | D:1      | Reached skill level 1 in Necromancy
   581 | D:1      | Reached skill level 1 in Armour
   981 | D:2      | Found a faded altar of an unknown god.
  1076 | D:2      | Reached XP level 3. HP: 18/28 MP: 6/6
  1127 | D:2      | Identified the +8 dagger of Famine {holy, rPois rF+ rC-
                  | Int+3}
  2094 | D:3      | Identified the +1 ring mail "Zisuevisa" {Will- Int+4 Dex+3}
  2313 | D:3      | Reached XP level 4. HP: 34/35 MP: 7/7
  2466 | D:3      | Got a graven book
  2469 | D:3      | Learned a level 1 spell: Foxfire
  2473 | D:3      | Learned a level 3 spell: Mephitic Cloud
  3006 | D:4      | Noticed a phantom
  3019 | D:4      | Killed a phantom
  3020 | D:4      | Reached skill level 1 in Poison Magic
  3020 | D:4      | Reached XP level 5. HP: 34/41 MP: 8/8
  3099 | D:4      | Found a hide-covered altar of Uskayaw.
  3105 | D:4      | Identified the ring of Weogg {rC+ Will+ Int+3 Slay+3}
  3401 | D:4      | Found Volit's Antique Weapon Shoppe.
  3412 | D:4      | Reached skill level 1 in Air Magic
  3414 | D:4      | Noticed Kurtz's ghost (novice OpFi)
  3419 | D:4      | Bought an ivory short sword for 128 gold pieces
  3419 | D:4      | Identified the +7 short sword of the World {elec, Int+3}
                  | (You bought it in a shop on level 4 of the Dungeon)
  3506 | D:4      | Found a runed translucent door.
  3564 | D:4      | Reached skill level 1 in Fire Magic
  3665 | D:5      | Entered Level 5 of the Dungeon
  3745 | D:5      | Reached XP level 6. HP: 45/47 MP: 9/9
  3761 | D:5      | Found a runed translucent door.
  3770 | D:5      | Found a runed translucent door.
  3834 | D:5      | Noticed an ice beast
  3846 | D:5      | Killed an ice beast
  3981 | D:5      | Found a staircase to the Ecumenical Temple.
  3988 | Temple   | Entered the Ecumenical Temple
  4080 | D:5      | Noticed Dowan
  4240 | D:5      | Noticed Menkaure
  4244 | D:5      | Killed Menkaure
  4245 | D:5      | Gained mutation: You are mostly covered in thin metallic
                  | scales. (AC +3) [demonic ancestry]
  4245 | D:5      | Reached XP level 7. HP: 54/54 MP: 10/10
  4537 | D:5      | Noticed Duvessa
  4561 | D:5      | Killed Dowan
  4678 | D:5      | Duvessa changed into Duvessa the warg
  4678 | D:5      | Noticed Duvessa
  4686 | D:5      | Killed Duvessa the warg
  4687 | D:5      | Reached XP level 8. HP: 47/61 MP: 11/11
  4798 | D:6      | HP: 2/56 [wight/+0 short sword (1)]
  4798 | D:6      | Mangled by a wight

Illustrated notes

Levels and vault maps discovered:
D:1:      dpeg_arrival_short_road, layout_loops_ring, minmay_door_square,
          nicolae_titane
D:2:      layout_basic, serial_rivers, chequers_serial_rivers_large_b,
          chequers_serial_rivers_small_3, chequers_serial_rivers_marsh,
          chequers_serial_rivers_small_b, basic_ecumenical_altar
D:3:      layout_basic
D:4:      layout_loops_ring, nicolae_uskayaw_murder_on_the_dancefloor,
          hellmonk_ghost_happy_afterlife, serial_shops, nicolae_shop_crystal
D:5:      lemuel_insect_pit, layout_rooms, minmay_temple_entry_slanted,
          kennysheep_path_1, uniq_duvessa, uniq_menkaure
D:6:      layout_loops_ring, mainiacjoe_overflow_small_starburst,
          enter_ossuary_4, serial_shops, shop, uniq_sigmund
Temple:   sentei_temple_godly_chess

Skill      XL: |  1  2  3  4  5  6  7  8 |
---------------+-------------------------+-----
Necromancy     | 1 2 3 4 |  4.0
Armour         | 1 2 3 |  3.4
Fighting       | 3 4 |  4.6
Poison Magic   | 1 2 |  2.8
Air Magic      | 1 2 |  2.6
Fire Magic     | 1 2 |  2.5
Conjurations   | 4 |  4.3
Polearms       | |  2.6
Dodging        | |  1.7
Spellcasting   | |  2.0

Action                     |  1- 3 |  4- 6 |  7- 9 || total
---------------------------+-------+-------+-------++-------
  Melee: Spear             |   155 |   139 |       ||   294
         Punch             |     1 |     1 |       ||     2
         Short sword       |       |    64 |    42 ||   106
  Throw: Throwing net      |       |       |     2 ||     2
   Cast: Kiss of Death     |     1 |       |       ||     1
         Mephitic Cloud    |       |       |     1 ||     1
         Foxfire           |       |       |     1 ||     1
  Evoke: Wand              |       |    16 |     8 ||    24
    Use: Potion            |       |     1 |       ||     1
         Scroll            |       |       |     6 ||     6
   Stab: Invisible         |       |     1 |     1 ||     2
         Sleeping          |       |     1 |       ||     1
 Armour: Leather armour    |    92 |   112 |    16 ||   220
         Robe              |       |       |    24 ||    24
  Dodge: Dodged            |    89 |   117 |    35 ||   241
  Block: Other             |       |    39 |    12 ||    51

Table legend: (Time is in decaauts)
 A = Elapsed time spent in this place.
 B = Non-inter-level travel time spent in this place.
 C = Inter-level travel time spent in this place.
 D = Time resting spent in this place.
 E = Time spent auto-exploring this place.
 F = Levels seen in this place.
 G = Mean time per level.
                   A        B        C        D        E       F      G
               +--------+--------+--------+--------+--------+-----+--------+
         Total |   4825 |   4662 |    163 |    324 |   3299 |   7 |  689.3 |
       Dungeon |   4819 |   4656 |    163 |    324 |   3299 |   6 |  803.2 |
        Temple |      5 |      5 |      0 |      0 |      0 |   1 |    5.0 |
               +--------+--------+--------+--------+--------+-----+--------+

Top non-repeatable levels by time:
     D:2: 1210 daAuts
     D:5: 1026 daAuts
     D:4: 884 daAuts
     D:1: 863 daAuts
     D:3: 814 daAuts
     D:6: 20 daAuts
  Temple: 5 daAuts
